cohdb
Replays
Latest Replays
All Replays
Popular Replays
Top Player Replays
Match Explorer
How It Works
Community
CoH3 Stats
Reddit
Sign in to upload your games and track your stats! →
Sign in with Steam
Match 41378409
Unlisted
Match 41378409
Overview
Messages
Build Orders
End
Panzerpioneer Squad
250 Light Carrier
250 Light Carrier
Selects Armored Support Battlegroup
Panzerpioneer Squad
Construct Light Support Kompanie
Combat Half-tracks
Fire Support Elements
Vehicle Survival Package
Selects Veteran Gunners
Panzerjäger Mechanized Group
Flakvierling Half-track
Panzerpioneer Squad
Selects Salvage Kits
Tungsten Core Ammunition
MG34 Team
Construct Panzerarmee Kommand
Assault Mechanized Group
Emergency Repair Kits
Panzer III L Medium Tank
2.5-tonne Medical Truck
Rapid Advance
Walking Stuka Rocket Launcher
Panzer III L Medium Tank
Selects Panzer Storm
Selects Stuka Dive Bomb
Stuka Dive Bomb
Panzer III L Medium Tank
2.5-tonne Medical Truck
Stuka Dive Bomb
Selects Flammpanzer III Medium Tank
Advanced Optics
Armored Reserves
Stuka Dive Bomb
ME.COM
El Presidente
3125359761
Atomic Floyd
Microsoft Outlook
deadsadbadmad
0
0
Comments
sign in to comment!
No comments posted yet!